| TOP OF THE 1ST |
|
Batavia Muckdogs batting - Pitching for Hillsboro Hops : RHP Joe Mulholland
|
|
Pitching: RHP Joe Mulholland
|
|
|
Batting: RHB Jeremy Dennis
|
0-0: Ball 1-0: SINGLE (Line Drive, 8RS, EV 93.1 MPH)
|
|
Batting: RHB Rick English
|
0-0: Ball Jeremy Dennis is caught stealing 2nd base 2-4 1-0: Called Strike 1-1: Ball 2-1: Foul Ball, location: 2F 2-2: Strikes out swinging
|
|
Batting: RHB Justin Dunham
|
0-0: Swinging Strike 0-1: SOLO HOME RUN (Flyball, 7D, EV 106.9 MPH), Distance : 414 ft
|
|
Batting: RHB Tony Ledezma
|
0-0: Called Strike 0-1: Ball 1-1: Ball 2-1: Foul Ball, location: 2F 2-2: Strikes out looking
|
| Top of the 1st over - 1 run, 2 hits, 0 errors, 0 left on base; Batavia 1 - Hillsboro 0 |
| BOTTOM OF THE 1ST |
|
Hillsboro Hops batting - Pitching for Batavia Muckdogs : RHP Jeremy Hurley
|
|
Pitching: RHP Jeremy Hurley
|
|
|
Batting: RHB Dale Young
|
0-0: Fly out, F7 (Flyball, 78D, EV 88.8 MPH)
|
|
Batting: RHB Ryuki Ogasawara
|
0-0: Ball 1-0: Swinging Strike 1-1: Foul Ball, location: 2F 1-2: Strikes out swinging
|
|
Batting: RHB Nikita Schram
|
0-0: Foul Ball, location: 2F 0-1: Ball 1-1: Ball 2-1: Ground out 5-3 (Groundball, 56S, EV 71.9 MPH)
|
| Bottom of the 1st over - 0 runs, 0 hits, 0 errors, 0 left on base; Batavia 1 - Hillsboro 0 |
| TOP OF THE 2ND |
|
Batavia Muckdogs batting - Pitching for Hillsboro Hops : RHP Joe Mulholland
|
|
Batting: RHB Andy Kelly
|
0-0: Ball 1-0: Ball 2-0: SINGLE (Line Drive, 34, EV 96.9 MPH)
|
|
Batting: LHB Danny Treto
|
0-0: Fielders Choice at 2nd, 5-4 (Groundball, 5, EV 88.8 MPH)
|
|
Batting: RHB Jason Thrash
|
0-0: Ball Danny Treto is caught stealing 2nd base 2-4 1-0: Ball 2-0: Swinging Strike 2-1: Swinging Strike 2-2: Ball 3-2: Strikes out looking
|
| Top of the 2nd over - 0 runs, 1 hit, 0 errors, 0 left on base; Batavia 1 - Hillsboro 0 |
| BOTTOM OF THE 2ND |
|
Hillsboro Hops batting - Pitching for Batavia Muckdogs : RHP Jeremy Hurley
|
|
Batting: SHB Johnny Diaz
|
0-0: Ball 1-0: Fly out, F8 (Flyball, 8RM, EV 89.4 MPH)
|
|
Batting: RHB T.J. Jordan
|
0-0: Called Strike 0-1: Foul Ball, location: 2F 0-2: Ball 1-2: Strikes out swinging
|
|
Batting: RHB Mike Swift
|
0-0: Ball 1-0: Ball 2-0: Ball 3-0: Base on Balls
|
|
Batting: RHB Mike Dodson
|
0-0: Called Strike 0-1: Called Strike 0-2: Strikes out swinging
|
| Bottom of the 2nd over - 0 runs, 0 hits, 0 errors, 1 left on base; Batavia 1 - Hillsboro 0 |
| TOP OF THE 3RD |
|
Batavia Muckdogs batting - Pitching for Hillsboro Hops : RHP Joe Mulholland
|
|
Batting: RHB Hiromitsu Yamada
|
0-0: Ball 1-0: Called Strike 1-1: Called Strike 1-2: Strikes out swinging, 2-3 out at first.
|
|
Batting: RHB Calvin Morin
|
0-0: Foul Ball, location: 2F 0-1: Foul Ball, location: 2F 0-2: Ball 1-2: Ball 2-2: Ball 3-2: Reached on error, E1 (Groundball, 13, EV 72.5 MPH)
|
|
Batting: RHB Jeremy Dennis
|
0-0: Called Strike 0-1: Called Strike Calvin Morin steals 2nd, throwing error, E2 Calvin Morin to third 0-2: Strikes out swinging
|
|
Batting: RHB Rick English
|
0-0: Called Strike 0-1: Ball 1-1: Called Strike 1-2: Strikes out looking
|
| Top of the 3rd over - 0 runs, 0 hits, 2 errors, 1 left on base; Batavia 1 - Hillsboro 0 |
| BOTTOM OF THE 3RD |
|
Hillsboro Hops batting - Pitching for Batavia Muckdogs : RHP Jeremy Hurley
|
|
Batting: RHB Joe Stading
|
0-0: Foul Ball, location: 2F 0-1: Reached on error, E5 (Groundball, 56S, EV 93.1 MPH)
|
|
Batting: RHB Orlando Florez
|
0-0: Ball 1-0: Ground out 6-3 (Groundball, 6M, EV 83.1 MPH) Joe Stading to third
|
|
Batting: RHB Dale Young
|
0-0: Ball 1-0: Foul Ball, location: 2F 1-1: Ball 2-1: Ball 3-1: Fly out, F8 (Flyball, 8RD, EV 101.2 MPH) Runner from 3rd tags up, SCORES, throw by CF
|
|
Batting: RHB Ryuki Ogasawara
|
0-0: Swinging Strike 0-1: Ball 1-1: Swinging Strike 1-2: Foul Ball, location: 2F 1-2: Strikes out looking
|
| Bottom of the 3rd over - 1 run, 0 hits, 1 error, 0 left on base; Batavia 1 - Hillsboro 1 |
| TOP OF THE 4TH |
|
Batavia Muckdogs batting - Pitching for Hillsboro Hops : RHP Joe Mulholland
|
|
Batting: RHB Justin Dunham
|
0-0: Ball 1-0: Ball 2-0: Ball 3-0: Base on Balls
|
|
Batting: RHB Tony Ledezma
|
0-0: Ball 1-0: Fly out, F8 (Flyball, 8RXD, EV 90.0 MPH)
|
|
Batting: RHB Andy Kelly
|
0-0: Ball 1-0: Ball 2-0: Ball 3-0: Base on Balls Justin Dunham to second
|
|
Batting: LHB Danny Treto
|
0-0: Ball 1-0: Ball 2-0: Ball 3-0: Called Strike 3-1: Fly out, F4 (Popup, 3S, EV 80.6 MPH)
|
|
Batting: RHB Jason Thrash
|
0-0: Ball 1-0: Foul Ball, location: 2F 1-1: Ball 2-1: Swinging Strike Balk! Justin Dunham to third Andy Kelly to second 2-2: Ball 3-2: Base on Balls
|
|
Batting: RHB Hiromitsu Yamada
|
0-0: Ball 1-0: Ball 2-0: Ball 3-0: Called Strike 3-1: Called Strike 3-2: Base on Balls Justin Dunham scores Andy Kelly to third Jason Thrash to second
|
|
Batting: RHB Calvin Morin
|
0-0: Ball 1-0: Foul Ball, location: 2F 1-1: Foul Ball, location: 2F 1-2: Ball 2-2: Strikes out swinging
|
| Top of the 4th over - 1 run, 0 hits, 0 errors, 3 left on base; Batavia 2 - Hillsboro 1 |
| BOTTOM OF THE 4TH |
|
Hillsboro Hops batting - Pitching for Batavia Muckdogs : RHP Jeremy Hurley
|
|
Batting: RHB Nikita Schram
|
0-0: Foul Ball, location: 2F 0-1: Foul Ball, location: 2F 0-2: Strikes out swinging
|
|
Batting: SHB Johnny Diaz
|
0-0: Swinging Strike 0-1: Ball 1-1: Foul Ball, location: 2F 1-2: Foul Ball, location: 2F 1-2: Fly out, F7 (Line Drive, 78M, EV 100.6 MPH)
|
|
Batting: RHB T.J. Jordan
|
0-0: Ball 1-0: Ball 2-0: Ball 3-0: Called Strike 3-1: Called Strike 3-2: SINGLE (Line Drive, 6D, EV 88.1 MPH)
|
|
Batting: RHB Mike Swift
|
0-0: Ball 1-0: Called Strike 1-1: Swinging Strike 1-2: Strikes out looking
|
| Bottom of the 4th over - 0 runs, 1 hit, 0 errors, 1 left on base; Batavia 2 - Hillsboro 1 |
| TOP OF THE 5TH |
|
Batavia Muckdogs batting - Pitching for Hillsboro Hops : RHP Joe Mulholland
|
|
Batting: RHB Jeremy Dennis
|
0-0: Ground out 5-3 (Groundball, 5S, EV 66.9 MPH)
|
|
Batting: RHB Rick English
|
0-0: Ball 1-0: Ball 2-0: Ball 3-0: Called Strike 3-1: Foul Ball, location: 2F 3-2: Base on Balls
|
|
Batting: RHB Justin Dunham
|
0-0: Called Strike 0-1: Ball 1-1: Foul Ball, location: 2F 1-2: Foul Ball, location: 2F 1-2: Foul Ball, location: 2F 1-2: DOUBLE (Line Drive, 7LS, EV 102.5 MPH) Rick English to third
|
|
Batting: RHB Tony Ledezma
|
0-0: Ball 1-0: Ground out 6-3 (Groundball, 6, EV 90.0 MPH) Rick English scores
|
|
Batting: RHB Andy Kelly
|
0-0: Fly out, F8 (Flyball, 8LXD, EV 94.4 MPH)
|
| Top of the 5th over - 1 run, 1 hit, 0 errors, 1 left on base; Batavia 3 - Hillsboro 1 |
| BOTTOM OF THE 5TH |
|
Hillsboro Hops batting - Pitching for Batavia Muckdogs : RHP Jeremy Hurley
|
|
Batting: RHB Mike Dodson
|
0-0: Ball 1-0: Ball 2-0: Called Strike 2-1: Foul Ball, location: 2F 2-2: Fly out, F9 (Flyball, 9, EV 82.5 MPH)
|
|
Batting: RHB Joe Stading
|
0-0: Foul Ball, location: 2F 0-1: Swinging Strike 0-2: Strikes out looking
|
|
Batting: RHB Orlando Florez
|
0-0: Called Strike 0-1: Swinging Strike 0-2: Ball 1-2: Ball 2-2: Foul Ball, location: 2F 2-2: Strikes out swinging
|
| Bottom of the 5th over - 0 runs, 0 hits, 0 errors, 0 left on base; Batavia 3 - Hillsboro 1 |
| TOP OF THE 6TH |
|
Batavia Muckdogs batting - Pitching for Hillsboro Hops : RHP Joe Mulholland
|
|
Batting: LHB Danny Treto
|
0-0: Ball 1-0: Foul Ball, location: 2F 1-1: Swinging Strike 1-2: Ball 2-2: SINGLE (Groundball, 4D, EV 106.2 MPH)
|
|
Pitching: RHP Shigezo Shoji
|
|
|
Batting: RHB Jason Thrash
|
0-0: Ball 1-0: Fielders Choice at 2nd, 1-6 (Groundball, 13, EV 73.1 MPH)
|
|
Batting: RHB Hiromitsu Yamada
|
0-0: Fielders Choice at 2nd, 5-4 (Groundball, 5, EV 91.9 MPH)
|
|
Batting: RHB Calvin Morin
|
0-0: Called Strike 0-1: Called Strike Hiromitsu Yamada steals 2nd base 0-2: Ground out 5-3 (Groundball, 56S, EV 65.6 MPH)
|
| Top of the 6th over - 0 runs, 1 hit, 0 errors, 1 left on base; Batavia 3 - Hillsboro 1 |
| BOTTOM OF THE 6TH |
|
Hillsboro Hops batting - Pitching for Batavia Muckdogs : RHP Jeremy Hurley
|
|
Batting: RHB Dale Young
|
0-0: Called Strike 0-1: Ball 1-1: Foul Ball, location: 2F 1-2: Ball 2-2: Ball 3-2: Strikes out swinging
|
|
Batting: RHB Ryuki Ogasawara
|
0-0: Ball 1-0: Foul Ball, location: 2F 1-1: Foul Ball, location: 2F 1-2: Ball 2-2: Fly out, F8 (Flyball, 8LD, EV 95.6 MPH)
|
|
Batting: RHB Nikita Schram
|
0-0: Ball 1-0: SINGLE (Groundball, 56S, EV 67.5 MPH) (infield hit)
|
|
Pitching: RHP Cesar Jimenez
|
|
|
Batting: SHB Johnny Diaz
|
0-0: Ball Nikita Schram steals 2nd base 1-0: Fly out, F7 (Flyball, 7D, EV 96.2 MPH)
|
| Bottom of the 6th over - 0 runs, 1 hit, 0 errors, 1 left on base; Batavia 3 - Hillsboro 1 |
| TOP OF THE 7TH |
|
Batavia Muckdogs batting - Pitching for Hillsboro Hops : RHP Shigezo Shoji
|
|
Batting: RHB Jeremy Dennis
|
0-0: Ball 1-0: Called Strike 1-1: Swinging Strike 1-2: Strikes out swinging
|
|
Batting: RHB Rick English
|
0-0: Called Strike 0-1: Foul Ball, location: 2F 0-2: SOLO HOME RUN (Flyball, 89XD, EV 108.1 MPH), Distance : 445 ft
|
|
Batting: RHB Justin Dunham
|
0-0: Ground out 5-3 (Groundball, 56S, EV 81.2 MPH)
|
|
Batting: RHB Tony Ledezma
|
0-0: Ball 1-0: Foul Ball, location: 2F 1-1: Ball 2-1: DOUBLE (Line Drive, 7LS, EV 96.9 MPH)
|
|
Batting: RHB Andy Kelly
|
0-0: Called Strike 0-1: Called Strike 0-2: Foul Ball, location: 2F 0-2: Strikes out swinging
|
| Top of the 7th over - 1 run, 2 hits, 0 errors, 1 left on base; Batavia 4 - Hillsboro 1 |
| BOTTOM OF THE 7TH |
|
Hillsboro Hops batting - Pitching for Batavia Muckdogs : RHP Cesar Jimenez
|
|
Batting: RHB T.J. Jordan
|
0-0: Swinging Strike 0-1: Called Strike 0-2: Foul Ball, location: 2F 0-2: Ball 1-2: Strikes out swinging
|
|
Batting: RHB Mike Swift
|
0-0: DOUBLE (Groundball, 5L, EV 106.2 MPH)
|
|
Batting: RHB Mike Dodson
|
0-0: Ball 1-0: Foul Ball, location: 2F 1-1: Swinging Strike 1-2: Strikes out looking
|
|
Batting: RHB Joe Stading
|
0-0: Ball 1-0: Ground out 5-3 (Groundball, 56D, EV 105.6 MPH)
|
| Bottom of the 7th over - 0 runs, 1 hit, 0 errors, 1 left on base; Batavia 4 - Hillsboro 1 |
| TOP OF THE 8TH |
|
Batavia Muckdogs batting - Pitching for Hillsboro Hops : RHP Shigezo Shoji
|
|
Batting: LHB Danny Treto
|
0-0: Ball 1-0: Ground out 6-3 (Groundball, 56, EV 86.9 MPH)
|
|
Batting: RHB Jason Thrash
|
0-0: Called Strike 0-1: Ball 1-1: Foul Ball, location: 2F 1-2: Ground out U3 (Groundball, 3S, EV 84.4 MPH)
|
|
Batting: RHB Hiromitsu Yamada
|
0-0: Called Strike 0-1: Ball 1-1: SINGLE (Groundball, 34S, EV 70.0 MPH) (infield hit)
|
|
Pitching: LHP Ryan Cole
|
|
|
Batting: RHB Calvin Morin
|
0-0: Ball 1-0: Called Strike 1-1: Called Strike 1-2: Ball 2-2: Strikes out swinging passed ball, reaches first! Hiromitsu Yamada to second
|
|
Batting: RHB Jeremy Dennis
|
0-0: Fly out, F9 (Flyball, 9LM, EV 106.2 MPH)
|
| Top of the 8th over - 0 runs, 1 hit, 0 errors, 2 left on base; Batavia 4 - Hillsboro 1 |
| BOTTOM OF THE 8TH |
|
Hillsboro Hops batting - Pitching for Batavia Muckdogs : RHP Cesar Jimenez
|
|
Batting: RHB Orlando Florez
|
0-0: Ground out U3 (Groundball, 3, EV 91.9 MPH)
|
|
Batting: RHB Dale Young
|
0-0: Foul Ball, location: 2F 0-1: Ball 1-1: Called Strike 1-2: Ball 2-2: Strikes out swinging
|
|
Pinch Hitting: LHB Tomohiro Yokoyama
|
0-0: Ball 1-0: Called Strike 1-1: Swinging Strike 1-2: Ball 2-2: Foul Ball, location: 2F 2-2: Foul Ball, location: 2F 2-2: Ball 3-2: Foul Ball, location: 2F 3-2: Strikes out looking
|
| Bottom of the 8th over - 0 runs, 0 hits, 0 errors, 0 left on base; Batavia 4 - Hillsboro 1 |
| TOP OF THE 9TH |
|
Batavia Muckdogs batting - Pitching for Hillsboro Hops : LHP Ryan Cole
|
|
Now at 2B: Dale Young
|
|
|
Now at SS: Mike Dodson
|
|
|
Now in LF: Tomohiro Yokoyama
|
|
|
Batting: RHB Rick English
|
0-0: Ball 1-0: Ball 2-0: Ball 3-0: Called Strike 3-1: Foul Ball, location: 2F 3-2: SINGLE (Groundball, 4D, EV 103.8 MPH)
|
|
Batting: RHB Justin Dunham
|
0-0: Ball 1-0: Foul Ball, location: 2F 1-1: Ball 2-1: Foul Ball, location: 2F 2-2: Strikes out swinging
|
|
Batting: RHB Tony Ledezma
|
0-0: Called Strike 0-1: Swinging Strike 0-2: Ball 1-2: Ground out 6-3 (Groundball, 4MS, EV 62.5 MPH) Rick English to second
|
|
Batting: RHB Andy Kelly
|
0-0: Swinging Strike 0-1: Foul Ball, location: 2F 0-2: Strikes out swinging
|
| Top of the 9th over - 0 runs, 1 hit, 0 errors, 1 left on base; Batavia 4 - Hillsboro 1 |
| BOTTOM OF THE 9TH |
|
Hillsboro Hops batting - Pitching for Batavia Muckdogs : RHP Cesar Jimenez
|
|
Pitching: RHP James Cornette
|
|
|
Batting: RHB Nikita Schram
|
0-0: Ball 1-0: Foul Ball, location: 2F 1-1: Called Strike 1-2: Ball 2-2: Strikes out swinging
|
|
Batting: SHB Johnny Diaz
|
0-0: Called Strike 0-1: Foul Ball, location: 2F 0-2: Ball 1-2: Ball 2-2: Ball 3-2: Foul Ball, location: 2F 3-2: Fly out, F9 (Flyball, 89M, EV 94.4 MPH)
|
|
Batting: RHB T.J. Jordan
|
0-0: Hit by Pitch
|
|
Batting: RHB Mike Swift
|
0-0: Ball 1-0: Ball 2-0: Called Strike 2-1: SINGLE (Groundball, 6, EV 100.6 MPH) T.J. Jordan to second
|
|
Batting: RHB Mike Dodson
|
0-0: Swinging Strike 0-1: Ball 1-1: Called Strike 1-2: Strikes out swinging
|
| Bottom of the 9th over - 0 runs, 1 hit, 0 errors, 2 left on base; Batavia 4 - Hillsboro 1 |
|